 Dungeon Crawl Stone Soup version 0.28-a0-1365-g7e0445c96d (webtiles) character file.

Game seed: 3922888063086902649

2 Conn the Firebug (level 1, 0/11 HPs)
             Began as an Octopode Fire Elementalist on Dec 31, 2021.
             Slain by a jackal (1 damage)
             ... on level 1 of the Dungeon.
             The game lasted 00:01:02 (65 turns).

Conn the Firebug (Octopode Fire Elementalist)         Turns: 65, Time: 00:01:02

Health: 0/11       AC:  1    Str:  7    XL:     1   Next: 40%
Magic:  0/3        EV: 13    Int: 17    God:
Gold:   0          SH:  0    Dex: 12    Spells: 3/4 levels left

rFire   . . .      SeeInvis .   (no weapon)
rCold   . . .      Faith    .   (no shield)
rNeg    . . .      Spirit   .   (helmet restricted)
rPois   .          Reflect  .   (no amulet)
rElec   .          Harm     .   (no ring)
rCorr   .          Rampage  .   (no ring)
Will    .....                   (no ring)
Stlth   +++.......              (no ring)
HPRegen 0.03/turn               (no ring)
MPRegen 0.08/turn               (no ring)
                                (no ring)
                                (no ring)

@: no status effects
A: almost no armour, amphibious, 8 rings, camouflage 1, gelatinous body 1,
(nimble swimmer 1), tentacles
a: no special abilities


You were on level 1 of the Dungeon.
You visited 1 branch of the dungeon, and saw 1 of its levels.

You aren't carrying anything.


   Skills:
 + Level 2.0 Dodging
 + Level 2.6 Stealth
 + Level 2.0 Spellcasting
 + Level 1.0 Conjurations
 + Level 3.2 Fire Magic


You had 3 spell levels left.
You knew the following spells:

 Your Spells              Type           Power      Damage    Failure   Level
a - Foxfire               Conj/Fire      32%        2x1d5     9%          1

Your spell library contained the following spells:

 Spells                   Type           Power      Damage    Failure   Level
 Scorch                   Fire           24%        2d6       8%          2
 Conjure Flame            Conj/Fire      8%         6-21      24%         3
 Inner Flame              Hex/Fire       7%         N/A       30%         3
 Flame Wave               Conj/Fire      8%         2d4       63%         4


Dungeon Overview and Level Annotations

Branches:
Dungeon (1/15)

Altars:


Innate Abilities, Weirdness & Mutations

You cannot wear most types of armour.
You are amphibious.
You can wear up to eight rings at the same time.
Your skin changes colour to match your surroundings (Stealth+).
Your rubbery body absorbs attacks. (AC +1, EV +1)
((You are camouflaged when in or above water. (Stealth+)))
You have tentacles for arms and can constrict up to eight enemies at once.


Message History

The jackal barks!
The hobgoblin shouts!
You hear a shout!
The hobgoblin shouts!
The quokka twitches its whiskers.
The quokka bites you. The jackal barely misses you.
As you read the scroll labelled KEATHR SI BUC, it crumbles to dust.
You feel aware of your surroundings.
It was a scroll of magic mapping.
The jackal barely misses you. The jackal bites you.
You aren't carrying any potions.
Unknown command.
The jackal bites you.
* * * LOW HITPOINT WARNING * * *
A bat comes into view.
The jackal bites you.
* * * LOW HITPOINT WARNING * * *
The bat moves out of view.
The jackal bites you.
* * * LOW HITPOINT WARNING * * *
The jackal barely misses you.
Casting: Foxfire (safe; 9% risk of failure)
Confirm with . or Enter, or press ? or * to list all spells.
You conjure some foxfire!
The foxfire hits the goblin.
You kill the goblin!
The jackal misses you.
Unknown command.
The foxfire hits the jackal.
The jackal is moderately wounded.
The jackal barely misses you.
You see here a +0 dagger.
The quokka twitches its whiskers.
Really wriggle into that dispersal trap?
You enter a dispersal trap!
The jackal blinks!
The quokka blinks!
The jackal blinks! x2; The quokka blinks!
You blink.
The jackal enters a dispersal trap!
The jackal blinks! x3; You blink.
The jackal blinks!
Unknown command.
Unknown command.
Casting: Foxfire (safe; 9% risk of failure)
Confirm with . or Enter, or press ? or * to list all spells.
You conjure some foxfire!
The jackal misses you. The jackal bites you.
You die...

,,,,,,,,,,* #.* #.♣♣P♣§P♣...#h..
,,,,,,*****###.###.##♣..♣....####
**,*,,*** #.......##.#....#.#...
*,,,,,,* #,#........#.#....#.##
*,,*,*,* #.#....§.§.#.#..###.#*
**,,,,,,*###.##................#,
,,,,,,,,,..PP.#.........##.#####,
,,,,,,,,,,,,♣..v....§...##.# *,
*,,,..##PP♣♣♣P#v@.§.....##.# *,
*,,##....P♣....#hh....#.##.# *,
*,,#..PP.♣..............##.# *,
*,,#.#.P.....###..r.....[#.#* *,
*,,#.P.P♣PP..# #.....###.#..* *,
,,,##.PPP..#.# #.....# *,#*,* *,
##.#.P♣..†...###.##.##**,**,****,
......P..........#*...,,,,,,,,,*,
######.##.########*....,,,,,,,,**


You could see a quokka and 2 jackals.

Vanquished Creatures
  A goblin (D:1)
  A hobgoblin (D:1)
2 creatures vanquished.

Vanquished Creatures (others)
  6 foxfires (D:1)
6 creatures vanquished.

Grand Total: 8 creatures vanquished

Notes
Turn   | Place    | Note
-------+----------+-------------------------------------------
     0 | D:1      | Conn the Octopode Fire Elementalist began the quest for the
                  | Orb.
     0 | D:1      | Reached XP level 1. HP: 11/11 MP: 3/3
    65 | D:1      | Slain by a jackal

Illustrated notes

Levels and vault maps discovered:
D:1:      roderic_dead_forest, layout_basic, serial_forest,
          infiniplex_forest_clump_diagonal, infiniplex_forest_clump_large,
          infiniplex_forest_diagonal, infiniplex_forest_lined_room_3,
          infiniplex_forest_lined_room_2, infiniplex_forest_corner_1

Action                   || total
-------------------------++-------
Melee: Unarmed           ||     1
       Constrict         ||     1
 Cast: Foxfire           ||     5
  Use: Scroll            ||     1
Armor: Skin              ||     1
Dodge: Dodged            ||     7

Table legend: (Time is in decaauts)
 A = Elapsed time spent in this place.
 B = Non-inter-level travel time spent in this place.
 C = Inter-level travel time spent in this place.
 D = Time resting spent in this place.
 E = Time spent auto-exploring this place.
 F = Levels seen in this place.
 G = Mean time per level.
                   A        B        C        D        E       F      G
               +--------+--------+--------+--------+--------+-----+--------+
         Total |     65 |     65 |      0 |      0 |     16 |   1 |   65.0 |
       Dungeon |     65 |     65 |      0 |      0 |     16 |   1 |   65.0 |
               +--------+--------+--------+--------+--------+-----+--------+

Top non-repeatable levels by time:
     D:1: 65 daAuts
